Unix NetHack Version 3.7.0-65 Work-in-progress - last build Oct 3 2022 04:20:45 (938f679fcd32a3c70215a73001258fd12811ee3d,branch:master).

Game began 2022-09-29 16:08:10, ended 2022-10-03 15:59:48.

rustyspoon, chaotic female human Archeologist

  
unexplored area
unexplored area
unexplored area
unexplored area
unexplored area
unexplored area
unexplored area
unexplored area
unexplored area
unexplored area
unexplored area
unexplored area
unexplored area
unexplored area
unexplored area
unexplored area
unexplored area
unexplored area
unexplored area
unexplored area
unexplored area
unexplored area
unexplored area
unexplored area
unexplored area
unexplored area
unexplored area
unexplored area
unexplored area
unexplored area
unexplored area
unexplored area
unexplored area
unexplored area
unexplored area
unexplored area
unexplored area
unexplored area
unexplored area
unexplored area
unexplored area
unexplored area
unexplored area
unexplored area
unexplored area
unexplored area
unexplored area
unexplored area
unexplored area
unexplored area
unexplored area
unexplored area
unexplored area
unexplored area
unexplored area
unexplored area
unexplored area
unexplored area
unexplored area
unexplored area
unexplored area
unexplored area
unexplored area
unexplored area
unexplored area
unexplored area
unexplored area
unexplored area
unexplored area
unexplored area
unexplored area
unexplored area
unexplored area
unexplored area
unexplored area
unexplored area
unexplored area
unexplored area
unexplored area
unexplored area
unexplored area
unexplored area
unexplored area
unexplored area
unexplored area
unexplored area
unexplored area
unexplored area
unexplored area
unexplored area
unexplored area
unexplored area
unexplored area
unexplored area
unexplored area
unexplored area
unexplored area
unexplored area
unexplored area
unexplored area
unexplored area
unexplored area
unexplored area
unexplored area
unexplored area
unexplored area
unexplored area
unexplored area
unexplored area
unexplored area
wall
wall
wall
wall
wall
wall
wall
wall
wall
wall
wall
wall
wall
wall
wall
wall
unexplored area
unexplored area
unexplored area
unexplored area
unexplored area
unexplored area
unexplored area
unexplored area
unexplored area
unexplored area
unexplored area
unexplored area
unexplored area
unexplored area
unexplored area
unexplored area
unexplored area
unexplored area
unexplored area
unexplored area
unexplored area
unexplored area
unexplored area
unexplored area
unexplored area
unexplored area
unexplored area
unexplored area
unexplored area
unexplored area
unexplored area
unexplored area
unexplored area
unexplored area
unexplored area
unexplored area
unexplored area
unexplored area
unexplored area
unexplored area
unexplored area
unexplored area
unexplored area
unexplored area
unexplored area
unexplored area
unexplored area
unexplored area
unexplored area
unexplored area
unexplored area
unexplored area
unexplored area
unexplored area
unexplored area
unexplored area
unexplored area
unexplored area
unexplored area
unexplored area
unexplored area
unexplored area
unexplored area
wall
.dark part of a room
.dark part of a room
.dark part of a room
.dark part of a room
.dark part of a room
.dark part of a room
.dark part of a room
.dark part of a room
.dark part of a room
.dark part of a room
.dark part of a room
.dark part of a room
.dark part of a room
.dark part of a room
.dark part of a room
.dark part of a room
unexplored area
unexplored area
.dark part of a room
.dark part of a room
.dark part of a room
unexplored area
unexplored area
unexplored area
unexplored area
unexplored area
unexplored area
unexplored area
unexplored area
unexplored area
unexplored area
unexplored area
unexplored area
unexplored area
unexplored area
unexplored area
unexplored area
unexplored area
unexplored area
unexplored area
unexplored area
unexplored area
unexplored area
unexplored area
unexplored area
unexplored area
unexplored area
unexplored area
unexplored area
unexplored area
unexplored area
unexplored area
unexplored area
unexplored area
unexplored area
unexplored area
unexplored area
unexplored area
unexplored area
unexplored area
unexplored area
unexplored area
unexplored area
unexplored area
unexplored area
unexplored area
unexplored area
unexplored area
unexplored area
unexplored area
unexplored area
unexplored area
unexplored area
unexplored area
unexplored area
unexplored area
wall
wall
wall
.dark part of a room
.dark part of a room
.dark part of a room
wall
wall
wall
wall
.doorway
wall
wall
wall
wall
.dark part of a room
.dark part of a room
.dark part of a room
.dark part of a room
.dark part of a room
.dark part of a room
.dark part of a room
.dark part of a room
.dark part of a room
.dark part of a room
.dark part of a room
unexplored area
unexplored area
unexplored area
unexplored area
unexplored area
unexplored area
unexplored area
unexplored area
unexplored area
unexplored area
unexplored area
unexplored area
unexplored area
unexplored area
unexplored area
unexplored area
unexplored area
unexplored area
unexplored area
unexplored area
unexplored area
unexplored area
unexplored area
unexplored area
unexplored area
unexplored area
unexplored area
unexplored area
unexplored area
unexplored area
unexplored area
unexplored area
unexplored area
unexplored area
unexplored area
unexplored area
unexplored area
unexplored area
unexplored area
unexplored area
unexplored area
unexplored area
unexplored area
unexplored area
unexplored area
unexplored area
unexplored area
unexplored area
unexplored area
unexplored area
unexplored area
unexplored area
unexplored area
wall
.dark part of a room
.dark part of a room
.dark part of a room
.dark part of a room
wall
wall
%a killer bee corpse
.dark part of a room
.dark part of a room
.dark part of a room
.dark part of a room
.dark part of a room
.dark part of a room
wall
wall
.dark part of a room
.dark part of a room
.dark part of a room
.dark part of a room
.dark part of a room
.dark part of a room
.dark part of a room
.dark part of a room
.dark part of a room
.dark part of a room
.dark part of a room
unexplored area
unexplored area
unexplored area
unexplored area
unexplored area
unexplored area
unexplored area
unexplored area
unexplored area
unexplored area
unexplored area
unexplored area
unexplored area
unexplored area
unexplored area
unexplored area
unexplored area
unexplored area
unexplored area
unexplored area
unexplored area
unexplored area
unexplored area
unexplored area
unexplored area
unexplored area
unexplored area
unexplored area
unexplored area
unexplored area
unexplored area
unexplored area
unexplored area
unexplored area
unexplored area
unexplored area
unexplored area
unexplored area
unexplored area
unexplored area
unexplored area
unexplored area
unexplored area
unexplored area
unexplored area
unexplored area
unexplored area
unexplored area
unexplored area
unexplored area
unexplored area
unexplored area
wall
.dark part of a room
.dark part of a room
.dark part of a room
wall
wall
.dark part of a room
.dark part of a room
.dark part of a room
.dark part of a room
.dark part of a room
.dark part of a room
.dark part of a room
.dark part of a room
.dark part of a room
wall
wall
.dark part of a room
.dark part of a room
.dark part of a room
.dark part of a room
.dark part of a room
.dark part of a room
.dark part of a room
.dark part of a room
.dark part of a room
.dark part of a room
.dark part of a room
unexplored area
unexplored area
unexplored area
unexplored area
unexplored area
unexplored area
unexplored area
unexplored area
unexplored area
unexplored area
unexplored area
unexplored area
unexplored area
unexplored area
unexplored area
unexplored area
unexplored area
unexplored area
unexplored area
unexplored area
unexplored area
unexplored area
unexplored area
unexplored area
unexplored area
unexplored area
unexplored area
unexplored area
unexplored area
unexplored area
unexplored area
unexplored area
unexplored area
unexplored area
unexplored area
unexplored area
unexplored area
unexplored area
unexplored area
unexplored area
unexplored area
unexplored area
unexplored area
unexplored area
unexplored area
unexplored area
unexplored area
unexplored area
unexplored area
unexplored area
.dark part of a room
.dark part of a room
.dark part of a room
.dark part of a room
.dark part of a room
wall
.dark part of a room
.dark part of a room
.dark part of a room
.dark part of a room
.dark part of a room
%a giant beetle corpse
.dark part of a room
.dark part of a room
.dark part of a room
.dark part of a room
unexplored area
wall
.dark part of a room
.dark part of a room
.dark part of a room
.dark part of a room
.dark part of a room
.dark part of a room
.dark part of a room
.dark part of a room
.dark part of a room
.dark part of a room
.dark part of a room
unexplored area
unexplored area
unexplored area
unexplored area
unexplored area
wall
wall
wall
wall
wall
unexplored area
unexplored area
unexplored area
unexplored area
unexplored area
unexplored area
unexplored area
unexplored area
unexplored area
unexplored area
unexplored area
unexplored area
unexplored area
unexplored area
unexplored area
unexplored area
unexplored area
unexplored area
unexplored area
unexplored area
unexplored area
unexplored area
unexplored area
unexplored area
unexplored area
unexplored area
unexplored area
unexplored area
unexplored area
unexplored area
unexplored area
unexplored area
unexplored area
unexplored area
unexplored area
unexplored area
unexplored area
unexplored area
unexplored area
unexplored area
unexplored area
wall
wall
wall
wall
wall
wall
.dark part of a room
.dark part of a room
.dark part of a room
.dark part of a room
.dark part of a room
%a killer bee corpse
.dark part of a room
.dark part of a room
unexplored area
unexplored area
wall
wall
wall
wall
wall
wall
wall
.dark part of a room
.dark part of a room
.dark part of a room
wall
wall
unexplored area
unexplored area
unexplored area
unexplored area
unexplored area
wall
.dark part of a room
.dark part of a room
.dark part of a room
unexplored area
unexplored area
unexplored area
unexplored area
unexplored area
unexplored area
Ainvisible Angel of Camaxtli
unexplored area
unexplored area
unexplored area
unexplored area
unexplored area
unexplored area
unexplored area
unexplored area
unexplored area
unexplored area
unexplored area
unexplored area
unexplored area
unexplored area
unexplored area
unexplored area
unexplored area
unexplored area
unexplored area
unexplored area
unexplored area
unexplored area
unexplored area
unexplored area
unexplored area
unexplored area
unexplored area
unexplored area
unexplored area
unexplored area
unexplored area
unexplored area
unexplored area
unexplored area
unexplored area
unexplored area
unexplored area
unexplored area
unexplored area
unexplored area
wall
wall
.dark part of a room
.dark part of a room
.dark part of a room
$some gold pieces
.dark part of a room
.dark part of a room
.dark part of a room
unexplored area
unexplored area
unexplored area
unexplored area
unexplored area
unexplored area
unexplored area
wall
wall
wall
.doorway
wall
wall
wall
unexplored area
unexplored area
unexplored area
unexplored area
wall
wall
.dark part of a room
.dark part of a room
wall
wall
wall
wall
wall
wall
wall
wall
wall
unexplored area
unexplored area
unexplored area
unexplored area
unexplored area
unexplored area
unexplored area
unexplored area
unexplored area
unexplored area
unexplored area
unexplored area
unexplored area
unexplored area
unexplored area
unexplored area
unexplored area
unexplored area
unexplored area
unexplored area
unexplored area
unexplored area
unexplored area
unexplored area
unexplored area
unexplored area
unexplored area
unexplored area
unexplored area
unexplored area
unexplored area
unexplored area
unexplored area
unexplored area
unexplored area
unexplored area
unexplored area
unexplored area
unexplored area
wall
wall
wall
wall
wall
%a giant beetle corpse
wall
wall
wall
wall
wall
unexplored area
unexplored area
unexplored area
unexplored area
unexplored area
.dark part of a room
.dark part of a room
.dark part of a room
%Pestilence's corpse
.dark part of a room
.dark part of a room
.dark part of a room
wall
wall
unexplored area
wall
wall
.dark part of a room
.dark part of a room
agiant ant
wall
.floor of a room
.floor of a room
.floor of a room
.floor of a room
.floor of a room
akiller bee
.floor of a room
wall
unexplored area
Apeaceful Angel of Quetzalcoatl
unexplored area
unexplored area
unexplored area
unexplored area
unexplored area
unexplored area
unexplored area
unexplored area
unexplored area
unexplored area
unexplored area
unexplored area
unexplored area
unexplored area
unexplored area
unexplored area
unexplored area
unexplored area
unexplored area
unexplored area
unexplored area
unexplored area
unexplored area
unexplored area
unexplored area
unexplored area
unexplored area
unexplored area
unexplored area
unexplored area
unexplored area
unexplored area
unexplored area
unexplored area
unexplored area
wall
wall
wall
.dark part of a room
.dark part of a room
.dark part of a room
.dark part of a room
%a priestess corpse
.dark part of a room
.dark part of a room
.dark part of a room
.dark part of a room
wall
wall
wall
unexplored area
unexplored area
unexplored area
.dark part of a room
.dark part of a room
.dark part of a room
.dark part of a room
.dark part of a room
.dark part of a room
.dark part of a room
.dark part of a room
wall
wall
wall
.dark part of a room
.dark part of a room
.dark part of a room
AAngel of Huhetotl
wall
.floor of a room
AAngel of Huhetotl
agiant beetle
.floor of a room
@peaceful high priestess of Huhetotl
afire ant
.floor of a room
wall
@captain
unexplored area
unexplored area
unexplored area
unexplored area
unexplored area
unexplored area
unexplored area
unexplored area
unexplored area
unexplored area
unexplored area
unexplored area
unexplored area
unexplored area
unexplored area
unexplored area
unexplored area
unexplored area
unexplored area
unexplored area
unexplored area
unexplored area
unexplored area
unexplored area
unexplored area
unexplored area
unexplored area
unexplored area
unexplored area
unexplored area
unexplored area
unexplored area
unexplored area
unexplored area
unexplored area
unexplored area
wall
.dark part of a room
.dark part of a room
.dark part of a room
.dark part of a room
.dark part of a room
.dark part of a room
.dark part of a room
.dark part of a room
.dark part of a room
.dark part of a room
.dark part of a room
.dark part of a room
.dark part of a room
wall
unexplored area
unexplored area
unexplored area
unexplored area
.floor of a room
Dgold dragon
asoldier ant
.dark part of a room
.dark part of a room
.dark part of a room
.dark part of a room
.dark part of a room
AAngel of Moloch
@priest of Camaxtli
.floor of a room
.floor of a room
.floor of a room
AAngel of Camaxtli
-open door
.floor of a room
.floor of a room
venergy vortex
@invisible human archeologist called rustyspoon
@renegade priest of Quetzalcoatl
.floor of a room
.floor of a room
wall
unexplored area
unexplored area
unexplored area
unexplored area
unexplored area
unexplored area
unexplored area
unexplored area
unexplored area
unexplored area
unexplored area
unexplored area
unexplored area
unexplored area
unexplored area
unexplored area
unexplored area
unexplored area
unexplored area
unexplored area
unexplored area
unexplored area
unexplored area
unexplored area
unexplored area
unexplored area
unexplored area
unexplored area
unexplored area
unexplored area
unexplored area
unexplored area
unexplored area
unexplored area
unexplored area
unexplored area
unexplored area
wall
.dark part of a room
unexplored area
wall
wall
wall
wall
%a giant beetle corpse
wall
wall
wall
wall
unexplored area
.dark part of a room
wall
unexplored area
unexplored area
unexplored area
unexplored area
unexplored area
.dark part of a room
[a small shield
%a giant beetle corpse
.dark part of a room
%a killer bee corpse
%a killer bee corpse
wall
wall
wall
.dark part of a room
.dark part of a room
asoldier ant
.dark part of a room
wall
.floor of a room
.floor of a room
afire ant
@peaceful priestess of Quetzalcoatl
.floor of a room
.floor of a room
.floor of a room
wall
Bvampire bat
unexplored area
unexplored area
unexplored area
unexplored area
unexplored area
unexplored area
unexplored area
unexplored area
unexplored area
unexplored area
unexplored area
unexplored area
unexplored area
unexplored area
unexplored area
unexplored area
unexplored area
unexplored area
unexplored area
unexplored area
unexplored area
unexplored area
unexplored area
unexplored area
unexplored area
unexplored area
unexplored area
unexplored area
unexplored area
unexplored area
unexplored area
unexplored area
unexplored area
unexplored area
unexplored area
unexplored area
wall
unexplored area
unexplored area
wall
.dark part of a room
.dark part of a room
.dark part of a room
.dark part of a room
.dark part of a room
.dark part of a room
.dark part of a room
wall
unexplored area
unexplored area
wall
unexplored area
unexplored area
unexplored area
unexplored area
unexplored area
unexplored area
.dark part of a room
.dark part of a room
.dark part of a room
.dark part of a room
wall
wall
unexplored area
wall
wall
asoldier ant
.dark part of a room
.dark part of a room
wall
Dgold dragon
.floor of a room
@invisible samurai called Izchak the Ryoshu
afire ant
.floor of a room
.floor of a room
.floor of a room
wall
Arenegade Angel of Quetzalcoatl
unexplored area
unexplored area
unexplored area
unexplored area
unexplored area
unexplored area
unexplored area
unexplored area
unexplored area
unexplored area
unexplored area
unexplored area
unexplored area
unexplored area
unexplored area
unexplored area
unexplored area
unexplored area
unexplored area
unexplored area
unexplored area
unexplored area
unexplored area
unexplored area
unexplored area
unexplored area
unexplored area
unexplored area
unexplored area
unexplored area
unexplored area
unexplored area
unexplored area
unexplored area
unexplored area
unexplored area
unexplored area
unexplored area
unexplored area
wall
.dark part of a room
.dark part of a room
.dark part of a room
.dark part of a room
.dark part of a room
.dark part of a room
.dark part of a room
wall
unexplored area
unexplored area
unexplored area
unexplored area
unexplored area
unexplored area
unexplored area
unexplored area
unexplored area
unexplored area
wall
wall
wall
wall
unexplored area
unexplored area
unexplored area
wall
wall
.dark part of a room
.dark part of a room
wall
wall
wall
wall
wall
wall
wall
wall
wall
unexplored area
unexplored area
unexplored area
unexplored area
unexplored area
unexplored area
unexplored area
unexplored area
unexplored area
unexplored area
unexplored area
unexplored area
unexplored area
unexplored area
unexplored area
unexplored area
unexplored area
unexplored area
unexplored area
unexplored area
unexplored area
unexplored area
unexplored area
unexplored area
unexplored area
unexplored area
unexplored area
unexplored area
unexplored area
unexplored area
unexplored area
unexplored area
unexplored area
unexplored area
unexplored area
unexplored area
unexplored area
unexplored area
unexplored area
unexplored area
wall
.dark part of a room
.dark part of a room
.dark part of a room
_aligned high altar
.dark part of a room
.dark part of a room
.dark part of a room
wall
unexplored area
unexplored area
unexplored area
unexplored area
unexplored area
unexplored area
unexplored area
unexplored area
unexplored area
unexplored area
unexplored area
unexplored area
unexplored area
unexplored area
unexplored area
unexplored area
unexplored area
unexplored area
wall
.dark part of a room
.dark part of a room
.dark part of a room
unexplored area
unexplored area
@renegade priestess of Quetzalcoatl
unexplored area
unexplored area
unexplored area
unexplored area
unexplored area
unexplored area
@priestess of Huhetotl
unexplored area
unexplored area
unexplored area
unexplored area
unexplored area
unexplored area
unexplored area
unexplored area
unexplored area
unexplored area
unexplored area
unexplored area
unexplored area
unexplored area
unexplored area
unexplored area
unexplored area
unexplored area
unexplored area
unexplored area
unexplored area
unexplored area
unexplored area
unexplored area
unexplored area
unexplored area
unexplored area
unexplored area
unexplored area
unexplored area
unexplored area
unexplored area
unexplored area
unexplored area
unexplored area
unexplored area
unexplored area
unexplored area
wall
.dark part of a room
.dark part of a room
.dark part of a room
.dark part of a room
.dark part of a room
.dark part of a room
.dark part of a room
wall
unexplored area
unexplored area
unexplored area
unexplored area
unexplored area
unexplored area
unexplored area
unexplored area
unexplored area
unexplored area
unexplored area
unexplored area
unexplored area
unexplored area
unexplored area
unexplored area
unexplored area
unexplored area
wall
wall
wall
wall
wall
unexplored area
unexplored area
unexplored area
unexplored area
unexplored area
unexplored area
unexplored area
unexplored area
unexplored area
unexplored area
unexplored area
unexplored area
unexplored area
unexplored area
unexplored area
unexplored area
unexplored area
unexplored area
unexplored area
unexplored area
unexplored area
unexplored area
unexplored area
unexplored area
unexplored area
unexplored area
unexplored area
unexplored area
unexplored area
unexplored area
unexplored area
unexplored area
unexplored area
unexplored area
unexplored area
unexplored area
unexplored area
unexplored area
unexplored area
unexplored area
unexplored area
unexplored area
unexplored area
unexplored area
unexplored area
unexplored area
unexplored area
wall
.dark part of a room
.dark part of a room
.dark part of a room
.dark part of a room
.dark part of a room
.dark part of a room
.dark part of a room
wall
unexplored area
unexplored area
unexplored area
unexplored area
unexplored area
unexplored area
unexplored area
unexplored area
unexplored area
unexplored area
unexplored area
unexplored area
unexplored area
unexplored area
unexplored area
unexplored area
unexplored area
unexplored area
unexplored area
unexplored area
unexplored area
unexplored area
unexplored area
unexplored area
unexplored area
unexplored area
unexplored area
unexplored area
unexplored area
unexplored area
unexplored area
unexplored area
unexplored area
unexplored area
unexplored area
unexplored area
unexplored area
unexplored area
unexplored area
unexplored area
unexplored area
unexplored area
unexplored area
unexplored area
unexplored area
unexplored area
unexplored area
unexplored area
unexplored area
unexplored area
unexplored area
unexplored area
unexplored area
unexplored area
unexplored area
unexplored area
unexplored area
unexplored area
unexplored area
unexplored area
unexplored area
unexplored area
unexplored area
unexplored area
unexplored area
unexplored area
unexplored area
unexplored area
unexplored area
unexplored area
wall
wall
wall
wall
wall
wall
wall
wall
wall
unexplored area
unexplored area
unexplored area
unexplored area
unexplored area
unexplored area
unexplored area
unexplored area
unexplored area
unexplored area
unexplored area
unexplored area
unexplored area
unexplored area
unexplored area
unexplored area
unexplored area
unexplored area
unexplored area
unexplored area
unexplored area
unexplored area
unexplored area
unexplored area
unexplored area
unexplored area
unexplored area
unexplored area
unexplored area
unexplored area
unexplored area
unexplored area
unexplored area
unexplored area
unexplored area
unexplored area
unexplored area
unexplored area
unexplored area
unexplored area
unexplored area
unexplored area
unexplored area
unexplored area
unexplored area
unexplored area
unexplored area
unexplored area
unexplored area
unexplored area
unexplored area
unexplored area
unexplored area
unexplored area
unexplored area
unexplored area
unexplored area
unexplored area
unexplored area
unexplored area
unexplored area
unexplored area
unexplored area
unexplored area
unexplored area
unexplored area
unexplored area
unexplored area
unexplored area
unexplored area
unexplored area
unexplored area
unexplored area
unexplored area
unexplored area
unexplored area
unexplored area
unexplored area
unexplored area
unexplored area
unexplored area
unexplored area
unexplored area
unexplored area
unexplored area
unexplored area
unexplored area
unexplored area
unexplored area
unexplored area
unexplored area
unexplored area
unexplored area
unexplored area
unexplored area
unexplored area
unexplored area
unexplored area
unexplored area
unexplored area
unexplored area
unexplored area
unexplored area
unexplored area
unexplored area
unexplored area
unexplored area
unexplored area
unexplored area
unexplored area
unexplored area
unexplored area
unexplored area
unexplored area
unexplored area
unexplored area
unexplored area
unexplored area
unexplored area
unexplored area
unexplored area
unexplored area
unexplored area
unexplored area
unexplored area
unexplored area
unexplored area
unexplored area
unexplored area
unexplored area
unexplored area
unexplored area
unexplored area
unexplored area
unexplored area
unexplored area
unexplored area
unexplored area
unexplored area
unexplored area
unexplored area
unexplored area
unexplored area
unexplored area
unexplored area
unexplored area
unexplored area
unexplored area
unexplored area
unexplored area
unexplored area
unexplored area
unexplored area
unexplored area
unexplored area
unexplored area
unexplored area
unexplored area
unexplored area
unexplored area
unexplored area
unexplored area
unexplored area
unexplored area
unexplored area
unexplored area
unexplored area
unexplored area
unexplored area
unexplored area
unexplored area
unexplored area
unexplored area
unexplored area
unexplored area
unexplored area
unexplored area
unexplored area
unexplored area
unexplored area
unexplored area
unexplored area
unexplored area
unexplored area
unexplored area
unexplored area
unexplored area
unexplored area
unexplored area
unexplored area
unexplored area
unexplored area
unexplored area
[Rustyspoon the Excavator ] St:25 Dx:17 Co:18 In:18 Wi:18 Ch:11 Chaotic Astral Plane $:0 HP:338(359) Pw:84(84) AC:-24 Xp:16 T:42993

Latest messages:

The magic missile misses the Angel of Huhetotl.
The renegade priest of Quetzalcoatl zaps a wand of cold!
The bolt of cold hits the priestess of Quetzalcoatl!
The bolt of cold whizzes by you!
The priest of Camaxtli picks up a mace.
The renegade priest of Quetzalcoatl wields a mace!
The mace welds itself to the renegade priest of Quetzalcoatl's hand!
The Angel of Moloch picks up a mace.
The Angel of Moloch picks up a wand of striking.
There is a high altar to Huhetotl (chaotic) here.
There is a high altar to Huhetotl (chaotic) here.
There is a high altar to Huhetotl (chaotic) here.
There is a high altar to Huhetotl (chaotic) here.
There is a high altar to Huhetotl (chaotic) here.
There is a high altar to Huhetotl (chaotic) here.
There is a high altar to Huhetotl (chaotic) here.
There is a high altar to Huhetotl (chaotic) here.
What do you want to use or apply? [beikms-vzHKMTUZ or ?*]
You have a little trouble removing V - a blessed +0 helm of opposite alignment.
Your movements are slowed slightly because of your load.
What do you want to take off? [CDEF or ?*]
The Angel of Huhetotl zaps you with a magic missile!
The magic missile hits the giant ant!
The magic missile hits the energy vortex!
The magic missile whizzes by you!
The magic missile hits the renegade priest of Quetzalcoatl!
"This time I shall let thee off with a spanking, but let it not happen again."
The priest of Camaxtli picks up a robe.
The renegade priest of Quetzalcoatl casts a spell!
The renegade priest of Quetzalcoatl summons insects!
You finish taking off your helm.
What do you want to wear? [FV or ?*]
The Angel of Camaxtli picks up a potion called acid.
"Hold! Thy face is a most exquisite torture!"
The priest of Camaxtli picks up a small shield.
You hear a chugging sound.
You finish your dressing maneuver.
Your mind oscillates briefly.
You are blasted by Excalibur's power!
You are blasted by the Orb of Detection's power!
The helm of opposite alignment glows black for a moment.
There is a high altar to Huhetotl (chaotic) here.
There is a high altar to Huhetotl (chaotic) here.
What do you want to sacrifice? [c or ?*]
You offer the Amulet of Yendor to Huhetotl...
An invisible choir sings, and you are bathed in radiance...
The voice of Huhetotl rings out: "Mortal, thou hast done well!"
"In return for thy service, I grant thee the gift of Immortality!"
You ascend to the status of Demigoddess...
Do you want your possessions identified? [ynq] (y)

Inventory:

Amulets

Y - a blessed amulet of reflection (being worn)

Weapons

a - the blessed rustproof +7 Excalibur (wielded in right hand)
w - a blessed greased +7 silver saber (wielded in left hand)

Armor

A - a blessed greased fireproof +4 T-shirt with text "Oracle(TM) Fountains 10th Annual Wet T-Shirt Contest" (being worn)
B - a blessed greased +4 gray dragon scale mail (being worn)
C - an uncursed fireproof +4 cloak of displacement (being worn)
D - a blessed fireproof +4 pair of speed boots (being worn)
E - a blessed rustproof +5 pair of gauntlets of power (being worn)
F - a blessed rustproof +4 helm of brilliance
V - a cursed +0 helm of opposite alignment (being worn)

Comestibles

L - an uncursed lizard corpse named KFC

Rings

N - a blessed ring of conflict (on left hand)
S - a blessed greased ring of free action (on right hand)

Wands

z - an uncursed wand of digging (0:0)
H - an uncursed wand of teleportation (0:1)
K - an uncursed wand of death (1:8)
M - an uncursed wand of death (2:7)
T - an uncursed wand of death (2:2)
U - an uncursed wand of teleportation (0:6)
Z - an uncursed wand of teleportation (0:5)

Tools

b - a blessed bag of holding containing 89 items
e - a blessed stethoscope
i - the uncursed Bell of Opening (0:1)
k - an uncursed skeleton key
m - the uncursed Orb of Detection (0:4)
s - an uncursed oilskin sack named cancellation containing 4 items
t - an uncursed blindfold
u - a blessed +0 unicorn horn named hL
v - a blessed magic lamp (lit)

Gems/Stones

x - a blessed luckstone

Contents of the bag of holding:

an uncursed amulet of life saving
an uncursed amulet of life saving
the uncursed rustproof +0 Magicbane
an uncursed +0 pair of levitation boots
an uncursed +0 pair of water walking boots
an uncursed +0 oilskin cloak
8 uncursed food rations
an uncursed lizard corpse named MCD
a blessed scroll of scare monster
4 uncursed scrolls of blank paper
a blessed scroll of earth
2 uncursed scrolls of earth
2 blessed scrolls of enchant armor
an uncursed scroll of enchant armor
a blessed scroll of fire
3 uncursed scrolls of fire
an uncursed scroll of magic mapping
2 blessed scrolls of remove curse
10 uncursed scrolls of remove curse
2 uncursed scrolls of taming
14 potions of holy water
3 potions of unholy water
2 blessed potions of extra healing
4 blessed diluted potions of full healing
2 blessed potions of levitation
an uncursed potion of speed
an uncursed ring of conflict
an uncursed ring of conflict
an uncursed ring of conflict
a blessed ring of levitation
an uncursed ring of regeneration
an uncursed ring of regeneration
an uncursed ring of shock resistance
an uncursed ring of shock resistance
a blessed ring of teleport control
an uncursed ring of teleport control
an uncursed ring of teleport control
an uncursed ring of teleport control
an uncursed ring of teleport control
an uncursed ring of teleport control
an uncursed wand of slow monster (0:5)
a blessed wand of cold (0:8)
an uncursed wand of cold (0:6)
an uncursed wand of cold (0:8)
an uncursed wand of cold (0:5)
an uncursed wand of cold (0:1)
an uncursed wand of digging (0:8)
an uncursed wand of digging (0:1)
an uncursed wand of digging (0:8)
an uncursed wand of digging (0:6)
an uncursed wand of digging (0:0)
an uncursed wand of digging (0:6)
an uncursed wand of digging (0:4)
an uncursed wand of digging (0:0)
an uncursed wand of digging (0:5)
an uncursed wand of digging (0:7)
an uncursed wand of digging (0:8)
an uncursed wand of fire (0:2)
an uncursed wand of fire (0:7)
an uncursed wand of lightning (0:4)
an uncursed wand of lightning (0:6)
an uncursed wand of lightning (0:8)
an uncursed wand of lightning (0:6)
an uncursed wand of secret door detection (0:13)
an uncursed wand of secret door detection (0:12)
a blessed wand of sleep (0:8)
an uncursed wand of sleep (0:8)
an uncursed wand of sleep (0:2)
an uncursed wand of sleep (0:1)
an uncursed wand of sleep (0:3)
an uncursed wand of sleep (0:4)
an uncursed wand of speed monster (0:3)
an uncursed wand of speed monster (0:6)
an uncursed wand of striking (0:6)
an uncursed wand of striking (0:1)
an uncursed wand of teleportation (0:3)
an uncursed wand of teleportation (0:6)
an uncursed wand of teleportation (0:4)
an uncursed wand of wishing (1:1)
an uncursed bugle
a blessed tallow candle
8 blessed wax candles
an uncursed magic whistle
a blessed magic lamp
a blessed magic marker (1:9)
a blessed magic marker (0:1)
an uncursed +0 pick-axe
an uncursed amethyst stone
an uncursed touchstone

Contents of the oilskin sack named cancellation:

an uncursed wand of cancellation (0:1)
an uncursed wand of cancellation (0:7)
an uncursed wand of cancellation (0:6)
a cursed wand of cancellation (0:6)

Rustyspoon the Archeologist's attributes:


Background:

You were an Excavator, a level 16 female human Archeologist.
You were chaotic, temporarily on a mission for Huhetotl
who was opposed by Quetzalcoatl (lawful) and Camaxtli (neutral).
You were actually lawful.
You were in the endgame, on the Astral Plane.
You entered the dungeon 42993 turns ago.
You had 434358 experience points, 205642 more were needed to attain level 17.

Basics:

You had 338 out of 359 hit points.
You had all 84 energy points (spell power).
Your armor class was -24.
Your wallet was empty.
Autopickup was off.

Final Characteristics:

Your strength was 25 (base:18/26, innate limit:18/100).
Your dexterity was 17 (limit:18).
Your constitution was 18 (limit:18).
Your intelligence was 18 (limit:18).
Your wisdom was 18 (limit:18).
Your charisma was 11 (limit:18).

Final Status:

You were not hungry.
You were unencumbered.
You were wielding two weapons at once.
You had basic skill with long sword and two weapons.
Your skill in saber was limited by being basic with two weapons.

Final Attributes:

You were the Hand of Elbereth.
You were fervently aligned.
You were magic-protected.
You were fire resistant.
You were cold resistant.
You were sleep resistant.
You were disintegration resistant.
You were shock resistant.
You were poison resistant.
You were level-drain resistant.
You saw invisible.
You were telepathic.
You had automatic searching.
You were invisible to others.
You were displaced.
You were stealthy.
You caused conflict.
You could teleport.
You were warded.
You took half spell damage.
You were very fast.
You had reflection.
You had free action.
You were extremely lucky.
You had extra luck.
Good luck did not time out for you.
You survived.

Miscellaneous:
You encountered 2 bones levels.
Total elapsed playing time was 5 hours, 48 minutes and 57 seconds.

Major events:

Turn

1: rustyspoon the lawful female human Archeologist entered the dungeon
857: entered the Gnomish Mines
1817: attained the rank of Field Worker (level 3)
4044: attained the rank of Investigator (level 6)
4937: reached Mine Town
5823: destroyed meek's ghost, the former Trailblazer
6689: was bestowed with Sunsword by Quetzalcoatl
8175: entered Sokoban
8663: completed 1st Sokoban level
9138: completed 2nd Sokoban level
9482: completed 3rd Sokoban level
10167: has been given Excalibur, and now enjoys supreme executive power
10611: made her first wish - "blessed greased +2 gray dragon scale mail", got "a greased gray dragon scale mail"
11483: completed 4th Sokoban level
11585: acquired the Sokoban amulet of reflection
12540: attained the rank of Exhumer (level 10)
18924: entered the Bigroom
24696: destroyed WizzyTheWeird's ghost, the former Thaumaturge
24700: found Mjollnir on the floor
24700: found Magicbane on the floor
30247: killed Medusa
34267: was bestowed with Snickersnee by Quetzalcoatl
34387: was crowned "The Hand of Elbereth" by Quetzalcoatl
34499: attained the rank of Excavator (level 14)
34503: performed his first genocide (class h)
34563: wished for "blessed fixed greased +2 silver saber", got "a greased silver saber"
34569: wished for "blessed fixed greased +2 t-shirt", got "a greased T-shirt"
34638: wished for "blessed fixed greased +2 gauntlets of power", got "a greased pair of riding gloves"
36060: found the Orb of Detection on the floor
36070: killed the Minion of Huhetotl
36077: acquired the Bell of Opening
36366: entered Gehennom
37971: wished for "blessed fixed greased greased greased ring of free action", got "a greased wooden ring"
38025: bribed Asmodeus with 30 zorkmids for safe passage
38111: killed Juiblex
38637: killed Baalzebub
39655: destroyed Vlad the Impaler
39661: acquired the Candelabrum of Invocation
39918: killed Orcus
41123: killed the Wizard of Yendor
41125: killed the Wizard of Yendor (2nd time)
41132: acquired the Book of the Dead
41164: performed the invocation
41293: killed the high priest of Moloch
41305: acquired The Amulet of Yendor
41325: wished for "blessed magic marker", got "a magic marker"
41336: genocided class L
42634: entered the Elemental Planes
42634: entered Plane of Earth
42635: killed the Wizard of Yendor (3rd time)
42704: entered Plane of Air
42753: entered Plane of Fire
42792: entered Plane of Water
42793: genocided class ;
42928: entered the Astral Plane
42935: killed Famine
42953: killed Famine (2nd time)
42972: killed Pestilence
42993: ascended

Vanquished creatures:

Baalzebub
Orcus
Juiblex
the Wizard of Yendor (thrice)
Pestilence
Famine (twice)
Vlad the Impaler
a high cleric
Medusa
12 krakens
4 master liches
a titan
a balrog
the Minion of Huhetotl
a purple worm
a gold dragon
a silver dragon
3 red dragons
2 white dragons
3 orange dragons
3 black dragons
3 green dragons
a yellow dragon
9 minotaurs
a jabberwock
8 demiliches
5 stone golems
4 Olog-hai
a Nazgul
a pit fiend
2 hell hounds
2 displacer beasts
5 titanotheres
4 trappers
a baby silver dragon
a baby blue dragon
3 genetic engineers
16 vampire leaders
4 skeletons
12 aligned clerics
6 shades
6 liches
a clay golem
3 nurses
4 ice devils
4 nalfeshnees
a lurker above
an Aleax
5 ettins
11 black puddings
20 vampires
3 lieutenants
30 ghosts
2 winged gargoyles
a mind flayer
11 giant mimics
a long worm
a zruty
10 fire giants
5 ogre tyrants
4 ice trolls
12 rock trolls
5 umber hulks
a flesh golem
5 elven monarchs
2 doppelgangers
9 bone devils
8 large mimics
a wumpus
2 fire vortices
a couatl
3 stalkers
3 air elementals
2 fire elementals
7 earth elementals
6 water elementals
a giant mummy
4 xorns
13 giant zombies
4 elf-nobles
6 sergeants
a water demon
6 barbed devils
2 vrocks
2 salamanders
4 wargs
a winter wolf
3 hell hound pups
19 small mimics
7 warhorses
2 steam vortices
7 xans
4 ettin mummies
5 ogre leaders
5 quantum mechanics
7 trolls
a sasquatch
3 erinyes
6 mariliths
a djinni
8 sharks
14 electric eels
5 gelatinous cubes
2 pyrolisks
3 large dogs
3 freezing spheres
7 flaming spheres
4 shocking spheres
4 large cats
3 tigers
3 gargoyles
7 tengu
3 ochre jellies
8 leocrottas
4 energy vortices
3 mountain centaurs
3 stone giants
4 elf mummies
20 human mummies
a red naga
3 green slimes
5 pythons
5 pit vipers
6 cobras
28 wraiths
3 carnivorous apes
11 ettin zombies
3 leather golems
4 Grey-elves
58 soldiers
3 watchmen
4 amorous demons
3 horned devils
3 chameleons
5 crocodiles
15 giant beetles
9 quivering blobs
7 cockatrices
7 wolves
3 winter wolf cubs
2 lynxes
3 panthers
37 gremlins
4 spotted jellies
50 leprechauns
3 orc-captains
3 iron piercers
a mumak
22 giant spiders
4 scorpions
8 horses
2 ice vortices
5 black lights
8 vampire bats
5 forest centaurs
7 gnome rulers
4 orc mummies
8 dwarf mummies
3 ogres
3 brown puddings
8 rust monsters
8 owlbears
a yeti
4 gold golems
3 werewolves
16 Green-elves
5 piranha
15 giant eels
11 lizards
5 chickatrices
4 dingoes
a dog
2 housecats
5 jaguars
3 dwarf leaders
2 blue jellies
a gray unicorn
5 black unicorns
5 dust vortices
4 ravens
6 plains centaurs
8 gnome mummies
29 snakes
13 apes
20 human zombies
a rope golem
13 Woodland-elves
18 soldier ants
8 fire ants
36 bugbears
4 quasits
4 wood nymphs
8 water nymphs
a mountain nymph
19 Mordor orcs
6 Uruk-hai
8 orc shamans
8 rock piercers
3 rock moles
3 ponies
5 fog clouds
10 yellow lights
2 shriekers
6 violet fungi
19 gnome leaders
11 gnomish wizards
4 kobold mummies
a red naga hatchling
a golden naga hatchling
a gray ooze
4 barrow wights
18 elf zombies
11 ghouls
6 straw golems
a paper golem
8 jellyfish
16 giant ants
a little dog
16 floating eyes
3 kittens
16 dwarves
2 homunculi
4 kobold leaders
5 kobold shamans
26 hill orcs
17 rothes
6 rabid rats
4 centipedes
7 giant bats
a monkey
20 orc zombies
5 dwarf zombies
2 wererats
4 werejackals
14 iguanas
42 killer bees
6 acid blobs
10 coyotes
3 gas spores
16 hobbits
8 manes
4 large kobolds
33 hobgoblins
7 giant rats
10 cave spiders
4 brown molds
8 yellow molds
a red mold
72 gnomes
62 garter snakes
15 gnome zombies
14 geckos
14 jackals
2 foxes
7 kobolds
12 goblins
a sewer rat
15 grid bugs
6 bats
12 lichens
9 kobold zombies
5 newts
1914 creatures vanquished.

Genocided or extinct species:

hobbits
dwarves
bugbears
dwarf leaders
dwarf rulers
mind flayers
master mind flayers
liches
demiliches
master liches
arch-liches
erinyes (extinct)
jellyfish
piranha
sharks
giant eels
electric eels
krakens
17 species genocided.
1 species extinct.

Voluntary challenges:

You read items or engraved 140 times.
You never engraved Elbereth.
You genocided 17 types of monsters.
You never changed form.
You used 6 wishes.
You did not wish for any artifacts.
You did not violate any of the special Sokoban rules.

Achievements:

You entered the Gnomish Mines.
You entered a shop.
You attained the rank of Field Worker.
You attained the rank of Investigator.
You entered Minetown.
You entered a temple.
You entered Sokoban.
You completed Sokoban.
You attained the rank of Exhumer.
You entered the Big Room.
You defeated Medusa.
You learned the tune to open and close the Castle's drawbridge.
You attained the rank of Excavator.
You had the Bell of Opening.
You entered Gehennom.
You handled the Candelabrum of Invocation.
You handled the Book of the Dead.
You gained access to Moloch's Sanctum.
You reached the Elemental Planes.
You reached the Astral Plane.
You delivered the Amulet of Yendor.
You ascended!

The Elemental Planes:

   Astral Plane: <- You are here.
Some temples.
Plane of Water:
Plane of Fire:
Plane of Air:
Plane of Earth:

The Dungeons of Doom: levels 1 to 26

   Level 1:
One way stairs up to The Elemental Planes.
Level 2: "fake bones"
Stairs down to The Gnomish Mines.
Level 3: "{ spent"
An armor shop, a sink.
Level 4:
Level 5: "aligned uni"
Oracle of Delphi.
Level 6: "pool"
Stairs up to Sokoban, level 5.
Level 7:
Some fountains.
Level 8:
A general store.
Level 9:
A fountain.
Level 10: "{ ring"
A general store, a sink.
Level 11:
A grave.
Portal to The Quest.
Level 12:
A very big room.
Level 13: "spent {"
A sink.
Level 14:
Level 15:
A primitive area.
Level 16:
Some graves.
Level 17:
A fountain.
Level 18:
Some fountains, a grave.
Final resting place for
WizzyTheWeird-Wiz-Hum-Fem-Neu, killed by an arrow.
Level 19: "food stash behind bars"
Level 20:
Level 21:
Some fountains.
Level 22:
Level 23:
A general store.
Level 24: "MOJO stash closet"
Level 25: "perseus sack, ! >"
Level 26:
The castle (play notes "CBBAE" to open or close drawbridge).

Gehennom: levels 27 to 48

   Level 27:
A temple, many graves.
Valley of the Dead.
Level 28:
Level 29:
Level 30:
Level 31:
Level 32:
Level 33:
Level 34:
Level 35:
Level 36:
Level 37:
Level 38:
Level 39:
Stairs up to Vlad's Tower, level 38.
Level 40: "holy water _"
Some shops, an altar, many graves.
Level 41: "! <"
Level 42:
Level 43:
Level 44:
Level 45:
Level 46:
Level 47:
Level 48:
A temple, many graves.
Moloch's Sanctum.

The Gnomish Mines: levels 3 to 10

   Level 3: "sell stash >"
Level 4: "trip stash >"
Level 5: "sell stash >"
Level 6: "bone ?! in Izchak, watchcaptain long sword, stash temple"
Many shops, a temple, some fountains, a grave.
Final resting place for
meek-Ran-Gno-Mal-Neu, killed by a Woodland-elf.
Level 7:
Level 8:
Level 9:
Level 10:

The Quest: levels 1 to 5

   Level 1:
A throne.
Completed quest for Lord Carnarvon.
Level 2:
Level 3:
Many temples.
Level 4:
Level 5:
A temple to Huhetotl.

Sokoban: levels 5 up to 2

   Level 2:
Solved.
Level 3:
Solved.
Level 4:
Solved.
Level 5:
Solved.

Vlad's Tower: levels 38 up to 36

   Level 36:
Level 37:
Level 38:

Goodbye rustyspoon the Demigoddess...


You went to your reward with 903172 points,
Excalibur (worth 4000 zorkmids and 10000 points)
Magicbane (worth 3500 zorkmids and 8750 points)
The Bell of Opening (worth 5000 zorkmids and 12500 points)
The Orb of Detection (worth 2500 zorkmids and 6250 points)
and 0 pieces of gold, after 42993 moves.
You were level 16 with a maximum of 359 hit points when you ascended.